 Dungeon Crawl Stone Soup version 0.29.1-1-gd02db6906a (webtiles) character file.

Game seed: 3270879711980006416

70 xian the Shooter (level 4, 0/35 HPs)
             Began as a Draconian Arcane Marksman on Sept 30, 2022.
             Was a Follower of Vehumet.
             Slain by an orc
             ... wielding a +0 hand axe
              (3 damage)
             ... on level 2 of the Dungeon.
             The game lasted 00:04:08 (2592 turns).

xian the Shooter (Draconian Arcane Marksman)        Turns: 2592, Time: 00:04:09

Health: 0/35       AC:  5    Str: 13    XL:     4   Next: 4%
Magic:  5/5        EV: 10    Int: 15    God:    Vehumet [*.....]
Gold:   109        SH:  6    Dex: 11    Spells: 3/5 levels left

rFire   . . .      SeeInvis +   j - +0 broad axe
rCold   . . .      Faith    .   i - +0 kite shield
rNeg    . . .      Spirit   .   (body armour unavailable)
rPois   +          Reflect  .   c - +0 hat
rElec   .          Harm     .   (no cloak)
rCorr   .          Rampage  .   (no gloves)
Will    .....                   (no boots)
Stlth   +.........              (no amulet)
HPRegen 0.11/turn               m - ring of poison resistance
MPRegen 0.09/turn               q - ring of see invisible

@: no status effects
A: AC +5, unfitting armour, cold-blooded
a: Renounce Religion


You were on level 2 of the Dungeon.
You worshipped Vehumet.
Vehumet was aware of your devotion.
You visited 1 branch of the dungeon, and saw 3 of its levels.

You collected 109 gold pieces.

Inventory:

Hand Weapons
 a - a +1 sling
 j - a +0 broad axe (weapon)
Armour
 c - a +0 hat (worn)
 i - a +0 kite shield (worn)
Jewellery
 m - a ring of poison resistance (left hand)
 q - a ring of see invisible (right hand)
Scrolls
 b - 2 scrolls of poison
 f - 4 scrolls of identify {unknown}
 l - a scroll of torment {unknown}
Potions
 d - a potion of curing {unknown}
 e - 2 potions of brilliance {unknown}
 g - a potion of attraction {unknown}
 h - a potion of flight {unknown}
 k - a potion of haste {unknown}
 n - a potion of heal wounds {unknown}
 o - a potion of lignification {unknown}
 p - 2 potions of degeneration {unknown}
 r - a potion of resistance {unknown}


   Skills:
 + Level 1.6 Fighting
 + Level 3.2 Ranged Weapons
 + Level 2.0 Dodging
 + Level 0.2 Stealth
 + Level 0.1 Shields
 + Level 1.0 Spellcasting
 + Level 3.1 Hexes


You had 3 spell levels left.
You knew the following spells:

 Your Spells              Type           Power      Damage    Failure   Level
a - Slow                  Hex            40%        N/A       24%         1
b - Freeze                Ice            0%         1d3       65%         1

Your spell library contained the following spells:

 Spells                   Type           Power      Damage    Failure   Level
 Sting                    Tmut/Pois      0%         1d3       65%         1
 Poisonous Vapours        Pois/Air       0%         N/A       78%         2
 Inner Flame              Hex/Fire       5%         N/A       80%         3
 Portal Projectile        Hex/Tloc       10%        N/A       80%         3
 Cause Fear               Hex            5%         N/A       94%         4
 Olgreb's Toxic Radiance  Pois           0%         N/A       100%        4


Dungeon Overview and Level Annotations

Branches:
Dungeon (3/15)

Altars:
Vehumet
Xom


Innate Abilities, Weirdness & Mutations

Your plain brown scales are hard. (AC +5)
You cannot fit into any form of body armour.
You are cold-blooded and may be slowed by cold attacks.


Message History

The orc completely misses you. You block the orc's attack.
You block the orc priest's attack. The orc closely misses you.
You shoot a sling bullet. The sling bullet hits the orc priest.
The orc priest is severely wounded.
The orc closely misses you. The orc hits you with a +0 dagger.
You block the orc priest's attack.
The orc hits you with a +2 vorpal flail.
You shoot a sling bullet.
The sling bullet hits the orc priest but does no damage.
The orc priest is severely wounded.
The orc hits you but does no damage. The orc closely misses you.
The orc priest hits you with a +0 whip. You block the orc's attack.
The orc hits you with a +2 vorpal flail!
You block the orc's attack. The orc barely misses you.
The orc priest hits you with a +0 whip.
* * * LOW HITPOINT WARNING * * *
The orc hits you but does no damage.
The orc priest hits you but does no damage.
The orc barely misses you. You block the orc's attack.
You climb upwards.
There is a stone staircase leading down here.
Unknown command.
Unknown command.
j - a +0 broad axe (weapon)
Unknown command.
You hit the orc.
You kill the orc!
Vehumet accepts your kill.
You hit the orc priest but do no damage.
You barely miss the orc. You hit the orc. The orc barely misses you. x2
You block the orc priest's attack. The orc hits you with a +0 hand axe.
* * * LOW HITPOINT WARNING * * *
The orc hits you with a +2 vorpal flail.
* * * LOW HITPOINT WARNING * * *
x2 The orc priest closely misses you.
You closely miss the orc.
The orc is moderately wounded.
You barely miss the orc. You hit the orc priest.
The orc hits you with a +0 hand axe.
You die...

########.#####.#......#
#........# #.#.####.#
#.############.#.# #.#
#.#..........#.#.# #.#
#.#.#....###.#...# #.#
#.#.#....# #.########.#
#.#.#....# #.#......#.#
.)#.#....###.##o###.#.####
)..............o@##.#.(..#
.............##)o##.##.###
..........##.....#.....#
................########
..........#......#
..........#.####.#
###.......#.# #.#
#.......#.# #'#####
#.......#.#####≈≈≈≈#


You could see an orc priest and 2 orcs.

Vanquished Creatures
  4 adders (D:2)
  An orc (D:2)
  5 endoplasms
  2 giant cockroaches
  5 goblins
  A hobgoblin (D:2)
  5 kobolds
  A quokka (D:1)
  2 ball pythons
  3 bats
  4 rats
33 creatures vanquished.

Notes
Turn   | Place    | Note
-------+----------+-------------------------------------------
     0 | D:1      | xian the Draconian Arcane Marksman began the quest for the
                  | Orb.
     0 | D:1      | Reached XP level 1. HP: 16/16 MP: 2/2
     1 | D:1      | Noticed a demonspawn
     3 | D:1      | Noticed a draconian
     5 | D:1      | Noticed a demonspawn
     7 | D:1      | Noticed a gargoyle
    10 | D:1      | Noticed a naga
    12 | D:1      | Noticed a vine stalker
    12 | D:1      | Noticed a minotaur
    14 | D:1      | Noticed a ghoul
    16 | D:1      | Noticed an ogre
   417 | D:1      | Found a faded altar of an unknown god.
   435 | D:1      | Reached XP level 2. HP: 23/23 MP: 3/3
   444 | D:1      | Prayed at the altar of an unknown god.
   444 | D:1      | Became a worshipper of Vehumet
   444 | D:1      | Reached * piety under Vehumet
   444 | D:1      | Offered knowledge of Freeze by Vehumet.
   471 | D:1      | Learned a level 1 spell: Freeze
  1371 | D:2      | Reached XP level 3. HP: 18/28 MP: 4/4
  1588 | D:2      | Found a shimmering altar of Xom.
  2211 | D:2      | Reached XP level 4. HP: 22/35 MP: 5/5
  2592 | D:2      | Slain by an orc

Illustrated notes

Levels and vault maps discovered:
D:1:      shiori_arrival_whats_in_store_for_you, layout_loops_corners,
          shapermc_ecumenical_altar_mp_ritualfount
D:2:      layout_basic, basic_altar, corner_web_ring, kennysheep_nondescript,
          chequers_serial_rivers_room_a, minmay_tetromino_i4
D:3:      minmay_wonky_spiral, layout_basic, uniq_terence

Skill      XL: |  1  2  3 |
---------------+----------+-----
Ranged Weapons | 2 3 |  3.2
Hexes          | 3 |  3.1
Dodging        | 2 |  2.0
Fighting       | |  1.6
Stealth        | |  0.2
Shields        | |  0.1
Spellcasting   | |  1.0

Action                   |  1- 3 |  4- 6 || total
-------------------------+-------+-------++-------
Melee: Broad axe         |     5 |     2 ||     7
 Fire: Sling             |   118 |     5 ||   123
Armor: Skin              |    13 |     3 ||    16
Dodge: Dodged            |    37 |    11 ||    48
Block: Kite shield       |    25 |     8 ||    33
